 Dungeon Sprint DCSS version 0.27.1-1-g398f81649c (webtiles) character file.

Game seed: 4542300420092535405

1065 styxcanada the Unseen (level 8, 0/42 HPs)
             Began as a Spriggan Brigand on Sept 19, 2021.
             Was an Initiate of Gozag.
             Succumbed to a killer bee's poison
             ... in the Dungeon (Sprint IV: "Fedhas' Mad Dash").
             The game lasted 00:04:24 (373 turns).

styxcanada the Unseen (Spriggan Brigand)             Turns: 373, Time: 00:04:25

Health: 0/42       AC:  3    Str:  7    XL:     8   Next: 6%
Magic:  6/9        EV: 22    Int: 12    God:    Gozag
Gold:   1030       SH:  9    Dex: 19    Spells: 7/7 levels left

rFire    . . .     SeeInvis +   o - +2 short sword (venom)
rCold    . . .     Faith    .   p - +2 buckler
rNeg     . . .     Spirit   .   b - +0 robe
rPois    .         Reflect  .   (helmet restricted)
rElec    .         Harm     .   c - +0 cloak
rCorr    .         Rampage  .   (gloves unavailable)
Will     +....     NoTele   +   (boots unavailable)
Stlth    +++++++...             m - amulet of invisibility {+Inv}
HPRegen  0.14/turn              (no ring)
MPRegen  0.11/turn              (no ring)

@: lethally poisoned (0 -> -18), very slightly contaminated, invisible, very
quick
A: very small, no large weapons, unfitting armour, see invisible, speed 3
a: Renounce Religion, Evoke Invisibility, Potion Petition, Call Merchant, Bribe
Branch


You were in the Dungeon.
You worshipped Gozag.
Gozag was most pleased with you.
You visited 1 branch You collected 1962 gold pieces.
You spent 932 gold pieces at shops.

Inventory:

Hand Weapons
 a - a +2 dagger
 o - a +2 short sword of venom (weapon)
Missiles
 d - 8 poisoned darts (quivered)
 e - 2 curare-tipped darts
Armour
 b - a +0 robe (worn)
 c - a +0 cloak (worn)
 p - a +2 buckler (worn)
Jewellery
 g - a ring of wizardry
 j - a ring of positive energy
 l - an amulet of magic regeneration
 m - the amulet of invisibility (around neck) {+Inv}
   (You found it in the Dungeon)

   [amulet of nothing]

   +Inv:      It lets you turn invisible.
Wands
 q - a wand of acid (9)
Scrolls
 k - a scroll of blinking
 n - 2 scrolls of identify
Potions
 f - 3 potions of curing
 h - a potion of haste
 i - 2 potions of magic


   Skills:
 * Level 4.9 Fighting
 + Level 4.2 Short Blades
 + Level 4.4 Throwing
 * Level 7.4 Dodging
 * Level 19.3 Stealth
 * Level 2.9 Shields
 * Level 6.6 Evocations


You had 7 spell levels left.
You didn't know any spells.
Your spell library was empty.

Dungeon Overview and Level Annotations

Branches:
Dungeon (1/1)

Altars:
Cheibriados
Dithmenos
Elyvilon
Gozag
Hepliaklqana
Kikubaaqudgha
Makhleb
Nemelex Xobeh
Okawaru
Qazlal
Ru
Sif Muna
Trog
Uskayaw
Vehumet
Wu Jian
Xom
Yredelemnul
Zin
The Shining One
Beogh
Jiyva
Lugonu

Shops:
D *[?*


Innate Abilities, Weirdness & Mutations

You are very small and have problems with some larger weapons.
You are too small for most types of armour.
You have supernaturally acute eyesight. (SInv)
You cover ground extremely quickly. (Speed+++)


Message History

The queen bee is moderately wounded.
The killer bee completely misses you. You block the killer bee's attack.
The killer bee stings you!
You are poisoned.
The killer bee poisons you! The killer bee completely misses you.
The killer bee misses you.
The queen bee calls on the killer bee to defend it!
The killer bee goes berserk!
The queen bee calls on the killer bee to defend it!
The killer bee goes berserk!
You hit the killer bee.
The killer bee is lightly wounded.
You feel very sick. The killer bee misses you.
You block the killer bee's attack. The killer bee barely misses you.
The killer bee misses you. You block the killer bee's attack.
The killer bee closely misses you. x2
The killer bee barely misses you.
The queen bee calls on the killer bee to defend it!
The killer bee goes berserk!
You hit the killer bee.
The killer bee is lightly wounded.
You feel sick. The killer bee closely misses you. x2
You block the killer bee's attack. x2; The killer bee stings you.
The killer bee misses you. The killer bee barely misses you.
The killer bee misses you. The killer bee closely misses you.
The queen bee closely misses you.
You fail to use your ability.
You feel sick. The killer bee closely misses you.
The killer bee completely misses you. The killer bee stings you!
You are more poisoned.
The killer bee poisons you! You block the killer bee's attack.
The killer bee stings you!
* * * LOW HITPOINT WARNING * * *
The killer bee misses you. The killer bee stings you.
* * * LOW HITPOINT WARNING * * *
You are more poisoned.
The killer bee poisons you! You block the killer bee's attack.
The killer bee misses you. You block the queen bee's attack.
You fade into invisibility!
You die...
Your body crumbles into a pile of gold.

#####################
#<...#.....#.....#.⌠.
#PP..'.....'.#...'.._
#PPPP#.....#.#...#...
###############'##.._
#..y♣........'...#._.
#..y@..♣.....#$$$####
#..yy.♣..♣..######
##+####+#####


$$$$ You could see a queen bee (extremely poisoned) and 3 killer bees.

Vanquished Creatures
  2 wandering mushrooms (D)
  A burning bush (D)
  3 scorpions (D)
  A killer bee (D)
  4 oklob saplings (D)
  2 spriggans (D)
  A river rat (D)
  A rat (D)
15 creatures vanquished.

Vanquished Creatures (others)
  A fungus (D)
1 creature vanquished.

Grand Total: 16 creatures vanquished

Notes
Turn   | Place    | Note
-------+----------+-------------------------------------------
     0 | D        | styxcanada the Spriggan Brigand began the quest for the
                  | Orb.
     0 | D        | Reached XP level 1. HP: 10/10 MP: 2/2
    19 | D        | Reached skill level 7 in Stealth
    19 | D        | Reached XP level 2. HP: 11/15 MP: 3/3
    22 | D        | Reached skill level 8 in Stealth
   104 | D        | Noticed an oklob sapling
   106 | D        | Killed an oklob sapling
   107 | D        | Reached skill level 9 in Stealth
   107 | D        | Reached XP level 3. HP: 18/18 MP: 4/4
   108 | D        | Noticed a scorpion
   108 | D        | Found the amulet of invisibility {+Inv}
   110 | D        | Killed a scorpion
   111 | D        | Reached skill level 12 in Stealth
   111 | D        | Reached XP level 4. HP: 23/23 MP: 5/5
   134 | D        | Found an opulent altar of Gozag.
   134 | D        | Found a hazy altar of Hepliaklqana.
   134 | D        | Found a burning altar of Makhleb.
   134 | D        | Found a sparkling altar of Nemelex Xobeh.
   134 | D        | Found a snail-covered altar of Cheibriados.
   134 | D        | Found a sacrificial altar of Ru.
   134 | D        | Found a shimmering blue altar of Sif Muna.
   134 | D        | Found a shimmering altar of Xom.
   134 | D        | Found a basalt altar of Yredelemnul.
   135 | D        | Found a viscous altar of Jiyva.
   135 | D        | Found a bloodstained altar of Trog.
   135 | D        | Found an ornate altar of the Wu Jian Council.
   136 | D        | Found an iron altar of Okawaru.
   136 | D        | Found a shadowy altar of Dithmenos.
   136 | D        | Found a glowing silver altar of Zin.
   137 | D        | Found an ancient bone altar of Kikubaaqudgha.
   137 | D        | Found a hide-covered altar of Uskayaw.
   138 | D        | Found a stormy altar of Qazlal.
   138 | D        | Found a white marble altar of Elyvilon.
   138 | D        | Found a glowing golden altar of the Shining One.
   139 | D        | Found a radiant altar of Vehumet.
   139 | D        | Found a corrupted altar of Lugonu.
   141 | D        | Became a worshipper of Gozag Ym Sagoz the Greedy
   146 | D        | Reached skill level 13 in Stealth
   146 | D        | Reached skill level 1 in Evocations
   146 | D        | Reached XP level 5. HP: 28/28 MP: 3/6
   158 | D        | Reached skill level 14 in Stealth
   197 | D        | Reached skill level 5 in Dodging
   197 | D        | Reached skill level 15 in Stealth
   199 | D        | Reached XP level 6. HP: 32/32 MP: 4/7
   228 | D        | Found Weogh's Armour Shop.
   228 | D        | Found Koariv's General Store.
   251 | D        | Noticed a burning bush
   251 | D        | Noticed a wandering mushroom
   252 | D        | Noticed a wandering mushroom
   256 | D        | Killed a wandering mushroom
   257 | D        | Reached skill level 17 in Stealth
   257 | D        | Reached skill level 1 in Shields
   257 | D        | Reached skill level 5 in Evocations
   257 | D        | Reached XP level 7. HP: 28/37 MP: 5/8
   257 | D        | Killed a wandering mushroom
   258 | D        | Reached skill level 18 in Stealth
   271 | D        | Killed a burning bush
   272 | D        | Reached skill level 19 in Stealth
   285 | D        | Found Poj Johe's Magic Scroll Shoppe.
   286 | D        | Found Gubboem's General Store.
   291 | D        | Bought a scroll of identify for 22 gold pieces
   291 | D        | Bought a scroll of acquirement for 572 gold pieces
   304 | D        | Acquired 1329 gold pieces
   321 | D        | Bought a wand of acid (9) for 338 gold pieces
   353 | D        | Reached XP level 8. HP: 42/42 MP: 6/9
   359 | D        | Noticed a queen bee
   373 | D        | Succumbed to a killer bee's poison

Illustrated notes

Levels and vault maps discovered:
D:        dungeon_sprint_fedhas [sprint_temple]

Skill      XL: |  1  2  3  4  5  6  7 |
---------------+----------------------+-----
Dodging        | 2 3 4 5 6 7 |  7.4
Stealth        | 7 9 12 13 15 17 19 | 19.3
Fighting       | 2 3 4 |  4.9
Short Blades   | 3 4 |  4.2
Throwing       | 3 4 |  4.4
Evocations     | 1 3 5 6 |  6.6
Shields        | 1 2 |  2.9

Action                   |  1- 3 |  4- 6 |  7- 9 || total
-------------------------+-------+-------+-------++-------
Melee: Dagger            |    10 |     5 |       ||    15
       Short sword       |       |     2 |    19 ||    21
Throw: Dart              |     8 |       |       ||     8
 Abil: Evoke Invisibilit |       |     3 |     2 ||     5
  Use: Potion            |       |       |     2 ||     2
       Scroll            |       |       |     1 ||     1
 Stab: Sleeping          |     2 |     6 |     3 ||    11
       Invisible         |       |       |     1 ||     1
Dodge: Dodged            |     4 |       |    33 ||    37
Block: Buckler           |       |       |    13 ||    13
